 Dungeon Crawl Stone Soup version 0.28-a0-2-g643f2454ad (webtiles) character file.

Game seed: 1034430729533037135

159 graki42 the Shield-Bearer (level 5, -2/37 HPs)
             Began as an Octopode Fighter on July 22, 2021.
             Slain by Pikel (4 damage)
             ... on level 4 of the Dungeon.
             The game lasted 00:05:12 (2997 turns).

graki42 the Shield-Bearer (Octopode Fighter)        Turns: 2997, Time: 00:05:16

Health: -2/37      AC:  1    Str: 15    XL:     5   Next: 40%
Magic:  5/5        EV: 11    Int: 11    God:
Gold:   90         SH:  9    Dex: 12    Spells: 4/4 levels left

rFire   . . .      SeeInvis .   a - +0 rapier
rCold   . . .      Faith    .   b - +0 kite shield
rNeg    . . .      Spirit   .   (helmet restricted)
rPois   .          Reflect  .   (no amulet)
rElec   .          Harm     .   (no ring)
rCorr   .          Rampage  .   (no ring)
Will    .....                   (no ring)
Stlth   ++........              (no ring)
HPRegen 0.12/turn               (no ring)
MPRegen 0.09/turn               (no ring)
                                (no ring)
                                (no ring)

@: mighty
A: almost no armour, amphibious, 8 rings, camouflage 1, gelatinous body 1,
(nimble swimmer 1), tentacles
a: no special abilities


You were on level 4 of the Dungeon.
You visited 1 branch of the dungeon, and saw 4 of its levels.

You collected 90 gold pieces.

Inventory:

Hand Weapons
 a - a +0 rapier (weapon)
Armour
 b - a +0 kite shield (worn)
Jewellery
 j - a ring of magical power
Scrolls
 d - 3 scrolls of identify {unknown}
 e - a scroll of fog {unknown}
 f - a scroll of immolation {unknown}
 h - a scroll of noise {unknown}
 i - a scroll of teleportation {unknown}
 l - a scroll of fear {unknown}
Potions
 c - a potion of might
 g - a potion of lignification {unknown}
 k - a potion of brilliance {unknown}
 m - a potion of curing {unknown}


   Skills:
 + Level 3.6 Fighting
 + Level 3.2 Short Blades
 - Level 3.0 Dodging
 * Level 4.8 Shields


You had 4 spell levels left.
You didn't know any spells.
Your spell library contained the following spells:

 Spells                   Type           Power      Damage    Failure   Level
 Searing Ray              Conj           0%         3d3       89%         2
 Conjure Flame            Conj/Fire      0%         6-21      98%         3
 Dazzling Flash           Conj/Hex       0%         N/A       98%         3
 Iskenderun's Mystic Bla  Conj/Tloc      0%         2d3       100%        4
 Starburst                Conj/Fire      0%         8x6d3     100%        6


Dungeon Overview and Level Annotations

Branches:
Dungeon (4/15)
 Temple: D:4-7

Altars:
Ashenzari
The Shining One

Annotations:
D:4 Pikel


Innate Abilities, Weirdness & Mutations

You cannot wear most types of armour.
You are amphibious.
You can wear up to eight rings at the same time.
Your skin changes colour to match your surroundings (Stealth+).
Your rubbery body absorbs attacks. (AC +1, EV +1)
((You are camouflaged near water. (Stealth+)))
You have tentacles for arms and can constrict up to eight enemies at once.


Message History

You puncture the orc!
You kill the orc!
You start resting.
HP restored.
There is a stone staircase leading down here.
You climb downwards.
There is a stone staircase leading up here.
Found a glaive.
A quokka comes into view.
Pikel the Slaver comes into view.
He is wielding a +2 whip of freezing.
The helpless quokka fails to defend itself.
You puncture the quokka!
You kill the quokka!
A lemure comes into view.
A lemure comes into view.
You start waiting.
Pikel is nearby!
You feel very mighty all of a sudden.
Pikel hits you with a +2 whip of freezing!
Pikel freezes you.
Unknown command.
You barely miss Pikel. Your grab misses Pikel. Your squeeze misses Pikel.
You block Pikel's attack.
You puncture Pikel! Your grab misses Pikel.
Pikel is moderately wounded.
You hear a shout!
You block Pikel's attack. Pikel closely misses you.
You puncture Pikel! Your grab misses Pikel.
Pikel is severely wounded.
A lemure comes into view.
Pikel hits you with a +2 whip of freezing!
Pikel freezes you.
* * * LOW HITPOINT WARNING * * *
You barely miss Pikel. You grab Pikel.
Pikel is severely wounded.
You constrict Pikel.
Pikel hits you with a +2 whip of freezing!
* * * LOW HITPOINT WARNING * * *
Pikel freezes you.
You die...

.. ##..##.# o.o...
... 5..# o.... #..
...## .... #.#
#5.. ... #.# #.K#
#.. ##.###..# #..
##<..##..#
#.##[)#.@#..##
#..[.###.K5..#
#.##..#..#..#...#
...........##...#
..###.....####..##
##.##.# #...
#.##.####..##
#.##.......#
#.##..###.##


You could see Pikel and a lemure.

Vanquished Creatures
  A centaur skeleton (D:4)
  An orc wizard (D:4)
  4 adders
  A worm (D:2)
  2 dart slugs
  4 orcs
  3 ball pythons
  2 bats
  2 endoplasms
  3 giant cockroaches
  5 goblins
  3 hobgoblins
  10 jackals
  5 kobolds
  3 quokkas
  2 frilled lizards
  7 rats
58 creatures vanquished.

Notes
Turn   | Place    | Note
-------+----------+-------------------------------------------
     0 | D:1      | graki42 the Octopode Fighter began the quest for the Orb.
     0 | D:1      | Reached XP level 1. HP: 16/16 MP: 1/1
   144 | D:1      | Reached XP level 2. HP: 21/21 MP: 2/2
   198 | D:1      | Got Asuoz's Handbook of Fire and Confrontation
   554 | D:1      | Found a faded altar of an unknown god.
   623 | D:1      | Reached XP level 3. HP: 22/26 MP: 3/3
  1158 | D:2      | Reached skill level 4 in Shields
  1443 | D:2      | Found a broken altar of Ashenzari.
  1466 | D:2      | Reached XP level 4. HP: 23/31 MP: 4/4
  2630 | D:3      | Found a glowing golden altar of the Shining One.
  2760 | D:4      | Reached XP level 5. HP: 24/36 MP: 5/5
  2875 | D:4      | Noticed a lemure
  2983 | D:4      | Noticed Pikel
  2985 | D:4      | Noticed a lemure
  2986 | D:4      | Noticed a lemure
  2996 | D:4      | Noticed a lemure
  2997 | D:4      | Slain by Pikel

Illustrated notes

Levels and vault maps discovered:
D:1:      dpeg_arrival_prison, layout_loops_ring,
          ebering_ecumenical_altar_sacrificial, amcnicky_mini_corridor_feature
D:2:      layout_basic, basic_altar
D:3:      layout_basic, overflow_temple_1_default
D:4:      layout_loops_ring, nicolae_uskayaw_dance_hall, st_stairs_12,
          uniq_crazy_yiuf_cottage, uniq_pikel

Skill      XL: |  1  2  3  4 |
---------------+-------------+-----
Shields        | 4 |  4.8
Short Blades   | 3 |  3.2
Fighting       | |  3.6
Dodging        | |  3.0

Action                   |  1- 3 |  4- 6 || total
-------------------------+-------+-------++-------
Melee: Rapier            |    67 |    49 ||   116
       Constrict         |    19 |    10 ||    29
       Tentacles         |     9 |     6 ||    15
  Use: Potion            |       |     1 ||     1
 Stab: Sleeping          |     5 |     3 ||     8
Armor: Skin              |     3 |       ||     3
Dodge: Dodged            |    25 |    12 ||    37
Block: Kite shield       |    32 |    26 ||    58

Table legend: (Time is in decaauts)
 A = Elapsed time spent in this place.
 B = Non-inter-level travel time spent in this place.
 C = Inter-level travel time spent in this place.
 D = Time resting spent in this place.
 E = Time spent auto-exploring this place.
 F = Levels seen in this place.
 G = Mean time per level.
                   A        B        C        D        E       F      G
               +--------+--------+--------+--------+--------+-----+--------+
         Total |   3032 |   2957 |     75 |    614 |   1947 |   4 |  758.0 |
       Dungeon |   3032 |   2957 |     75 |    614 |   1947 |   4 |  758.0 |
               +--------+--------+--------+--------+--------+-----+--------+

Top non-repeatable levels by time:
     D:1: 1067 daAuts
     D:2: 1018 daAuts
     D:3: 767 daAuts
     D:4: 179 daAuts
